Map: [ESL] Alcyone

Players

ShoWTimE - Winner!

  • Race: Protoss Protoss
  • Spawn Location: 1:00

Harstem

  • Race: Protoss Protoss
  • Spawn Location: 7:00

Event: ESL SC2 Masters 2024 Spring (Regional)

VOD

Have the link to the VOD?

Description

Time

  • Played on: May 3, 2024, 10:38 a.m.
  • Length: 6:46

All games in this series

Show
View Real Time Build Order
Export as new Build Order

ShoWTimE Protoss - Winner!

Build Orders:  

Get SALT Encoding   

  12  0:00  Probe  
  13  0:12  Probe  
  14  0:18  Pylon  
  14  0:24  Probe (Chrono Boost)  
  15  0:36  Probe (Chrono Boost), Gateway  
  16  0:44  Probe (Chrono Boost)  
  16  0:46  Assimilator  
  17  0:50  Probe  
  17  0:54  Assimilator  
  18  1:03  Probe (Chrono Boost)  
  19  1:07  Gateway  
  19  1:13  Probe (Chrono Boost)  
  19  1:17  Probe (Chrono Boost)  
  20  1:23  Cybernetics Core  
  21  1:29  Probe  
  22  1:34  Pylon  
  22  1:41  Probe  
  23  1:59  Stalker, Adept  
  27  2:03  Robotics Facility  
  27  2:06  Warp Gate  
  27  2:20  Pylon  
  27  2:29  Stalker x2  
  31  2:47  Immortal (Chrono Boost)  
  35  2:58  Gateway  
  35  3:00  Sentry  
  37  3:09  Shield Battery  
  37  3:19  Warp Prism (Chrono Boost)  
  39  3:31  Pylon  
  35  3:49  Immortal (Chrono Boost)  
  37  4:05  Sentry, Adept x2  
  43  4:25  Immortal (Chrono Boost)  
  47  4:47  Pylon  
  47  4:50  Pylon  
  47  5:04  Immortal (Chrono Boost)  
  51  5:14  Sentry, Adept x2  
  53  5:18  Pylon  
  57  5:41  Immortal  
  61  5:42  Sentry  
  61  5:43  Adept  
  61  5:47  Adept  
  61  6:17  Adept x3  
  55  6:42  Stalker x2  
Show
View Real Time Build Order
Export as new Build Order

Harstem Protoss 

Build Orders:  

Get SALT Encoding   

  12  0:00  Probe  
  13  0:12  Probe  
  14  0:18  Pylon  
  14  0:24  Probe (Chrono Boost)  
  15  0:36  Probe (Chrono Boost)  
  15  0:37  Gateway  
  16  0:45  Assimilator, Probe (Chrono Boost)  
  17  0:51  Probe  
  17  0:54  Assimilator  
  18  1:03  Probe (Chrono Boost)  
  19  1:06  Gateway  
  19  1:12  Probe (Chrono Boost)  
  19  1:17  Probe (Chrono Boost)  
  20  1:24  Cybernetics Core  
  21  1:29  Probe  
  22  1:34  Pylon  
  22  1:41  Probe  
  23  1:53  Probe  
  24  1:58  Warp Gate (Chrono Boost)  
  24  2:00  Sentry, Stalker  
  28  2:05  Probe  
  28  2:08  Pylon  
  29  2:17  Probe  
  30  2:26  Sentry  
  32  2:37  Robotics Facility  
  32  2:45  Stalker  
  34  2:53  Nexus  
  34  3:00  Pylon  
  34  3:05  Sentry  
  36  3:13  Probe  
  37  3:21  Shield Battery  
  37  3:23  Immortal (Chrono Boost)  
  41  3:35  Pylon  
  41  3:45  Zealot, Sentry  
  45  3:58  Warp Prism (Chrono Boost)  
  45  4:00  Probe  
  45  4:02  Phoenix  
  48  4:05  Adept  
  50  4:12  Adept  
  45  4:38  Immortal (Chrono Boost)  
  45  4:41  Probe  
  45  4:43  Probe  
  51  4:48  Sentry  
  53  4:53  Probe  
  54  5:00  Probe  
  54  5:04  Zealot  
  57  5:14  Zealot  
  57  5:20  Immortal  
  58  5:30  Stalker  
  56  5:41  Zealot  
  56  5:43  Probe, Shield Battery  
  56  5:46  Shield Battery x2  
  57  5:54  Sentry  
  50  6:10  Adept  
  48  6:14  Probe  
  48  6:17  Adept  
  52  6:19  Probe  
  50  6:26  Probe  
  45  6:33  Probe  
  45  6:35  Adept  
  45  6:39  Zealot  
Tags
 
Add a new tag
Caveats
  • Supply blocks, unpowered buildings, or Contaminate may cause inaccurate times.
  • Supply counts are checked every 10 seconds.